 Dungeon Crawl Stone Soup version 0.19.5 (webtiles) character file.

19343 Lovchig the Cleaver (level 12, -6/111 HPs)
             Began as a Deep Dwarf Fighter on May 17, 2017.
             Mangled by Frances
             ... wielding a +2 flail of protection
              (8 damage)
             ... on level 12 of the Dungeon on May 18, 2017.
             The game lasted 00:50:29 (9662 turns).

Lovchig the Cleaver (Deep Dwarf Fighter)            Turns: 9662, Time: 00:50:30

Health: -6/111     AC: 29    Str: 22 (24) XL:     12   Next: 35%
Magic:  0/0        EV:  6    Int: 11 (13) God:
Gold:   698        SH: 13    Dex: 14 (17) Spells: 0 memorised, 11 levels left

rFire  . . .     SeeInvis .     a - +1 war axe (venom)
rCold  + . .     Gourm    .     j - +0 plate armour
rNeg   . . .     Faith    .     c - +1 shield
rPois  .         Spirit   .     x - +1 helmet "Lacamouh" {rC+ Int+3}
rElec  .         Reflect  .     D - +2 cloak
rCorr  .         Harm     +     g - +2 pair of gloves
MR     +....                    (no boots)
Stlth  ..........               w - amulet of harm
                                I - +2 ring of protection
                                S - +5 ring of dexterity

@: non-regenerating
A: damage resistance, recharge devices, icy blue scales 1, thin metallic scales
1, sense surroundings 2, slow regeneration 3
a: Device Recharging


You were on level 12 of the Dungeon.
You were not hungry.

You visited 1 branch of the dungeon, and saw 12 of its levels.

You collected 698 gold pieces.

Inventory:

Hand Weapons
 a - a +1 war axe of venom (weapon)
 N - a +1 scimitar of flaming
Armour
 c - a +1 shield (worn)
 g - a +2 pair of gloves (worn)
 j - a +0 plate armour (worn)
 x - the +1 helmet "Lacamouh" (worn) {rC+ Int+3}
   (You found it on level 5 of the Dungeon)

   It affects your intelligence (+3).
   It protects you from cold.
 D - a +2 cloak (worn)
Jewellery
 w - an amulet of harm (around neck)
 I - a +2 ring of protection (right hand)
 S - a +5 ring of dexterity (left hand)
Wands
 e - a wand of heal wounds (0/9)
 C - a wand of paralysis (11/24)
 E - a wand of random effects (8/48)
 G - a wand of polymorph (15/24)
 K - a wand of paralysis (13/24)
 L - a wand of lightning (8/15)
 P - a wand of lightning (7/15)
 R - a wand of polymorph (5/24)
Scrolls
 i - 2 scrolls of fear
 q - a scroll of magic mapping
 s - 4 scrolls of remove curse
 y - 3 scrolls of teleportation
 A - 2 scrolls of amnesia
 H - 2 scrolls of fog
 J - 2 scrolls of blinking
 O - a scroll of silence
Potions
 d - 4 potions of flight
 h - 2 potions of berserk rage
 k - 5 potions of cancellation
 l - a potion of invisibility
 n - 5 potions of agility
 r - 2 potions of haste
 v - 2 potions of brilliance
Comestibles
 b - 5 chunks of flesh
 f - 5 bread rations
 m - 13 fruits
 o - 6 beef jerkies
 u - 3 meat rations
 z - a royal jelly
 B - a slice of pizza


   Skills:
 * Level 8.2 Fighting
 * Level 14.7 Axes
 * Level 9.7 Armour
 * Level 11.0 Shields


You had 11 spell levels left.
You didn't know any spells.

Dungeon Overview and Level Annotations

Branches:
Dungeon (12/15)            Temple (0/1) D:5            Lair (0/6) D:11
    Orc (0/2) D:9

Altars:
Ashenzari
Dithmenos
Hepliaklqana
Nemelex Xobeh
Qazlal
Ru
Sif Muna
Trog
Uskayaw
Vehumet
Xom
Zin

Shops:
D:7 !   D:9 !   D:11 :

Annotations:
D:12 Frances


Innate Abilities, Weirdness & Mutations

You are resistant to damage.
You can recharge devices by infusing magical energy.
You passively map the area around you.
You do not regenerate.
You are partially covered in icy blue scales. (AC +2)
You are partially covered in thin metallic scales. (AC +2)


Message History

You slash the wraith!
The wraith is almost destroyed.
The wraith hits you but does no damage.
You closely miss the wraith.
The wraith is almost destroyed.
You block the wraith's attack.
You slash the wraith!
You destroy the wraith!
Frances, Duchess of Pandemonium comes into view.
She is wielding a flail of protection.
Frances shouts!
Found a ring mail.
Frances screams a word of power!
The ynoxinul gestures.
Found an escape hatch in the floor.
You slash Frances!
Frances is poisoned.
Frances is lightly wounded.
You slash the ufetubus!
You kill the ufetubus!
Frances hits you with a flail of protection!
You die...

,* *, , , , ,, *
............> ,, , ,
............ * * *
#...........
#....5......
#....3......
#....5......
#....@......,
#...@.......
#############....[......
*
........................
........#####.##########
........# #.# ........#
#.# ........# #.#
(......!# #.# .((.....#
#.#


You could see Frances, a ynoxinul and 2 ufetubi.

Vanquished Creatures
  Nessos (D:12)
  The ghost of kelthazard the Fighter, a journeyman OgHu of Okawaru (D:10)
  Erolcha (D:9)
  Harold (D:11)
  Erica (D:9)
  A hill giant (D:12)
  The ghost of Turgon the Spear-Bearer, a novice OpWn of Ashenzari (D:6)
  Pikel (D:9)
  3 ugly things
  A manticore (D:11)
  Maurice (D:10)
  A cyclops (D:9)
  2 centaur skeletons
  2 komodo dragons
  Grinder (D:3)
  A troll (D:11)
  5 hippogriffs
  5 slime creatures (D:12)
  A wraith (D:12)
  Sigmund (D:3)
  A vampire (D:11)
  A spriggan (D:9)
  2 shadows (D:11)
  9 yaks
  A hungry ghost (D:8)
  Menkaure (D:6)
  2 wargs (D:11)
  3 water moccasins
  4 orc warriors
  The ghost of chenzhijie96 the Ducker, an amateur TrBe of Trog (D:4)
  An ice beast (D:7)
  4 slaves (D:9)
  3 phantoms
  2 necrophages
  5 ogres
  3 centaurs
  A crocodile (D:11)
  A big kobold (D:10)
  6 bullfrogs
  A wyvern zombie (D:9)
  A gnoll sergeant (D:9)
  A water moccasin zombie (D:7)
  A wyvern skeleton (D:6)
  3 scorpions
  6 killer bees (D:11)
  18 wights
  3 howler monkeys
  7 crimson imps
  3 hounds
  A quasit (D:11)
  Crazy Yiuf (D:6)
  4 bullfrog skeletons
  10 orc priests
  4 jellies
  16 orc wizards
  A gnoll shaman (D:7)
  An iguana (D:11)
  Terence (D:3)
  9 worker ants
  2 hound skeletons
  A worker ant zombie (D:5)
  11 gnolls
  A howler monkey zombie (D:7)
  10 adders
  4 shadow imps
  4 adder skeletons
  A dart slug (D:1)
  10 leopard geckos
  40 orcs
  2 bats
  2 giant cockroaches
  8 goblins
  12 hobgoblins
  10 jackals
  4 quokkas
  3 ball pythons
  6 frilled lizards
  8 kobolds
  A leopard gecko skeleton (D:8)
  A leopard gecko zombie (D:5)
  2 quokka skeletons
  5 rats
323 creatures vanquished.

Vanquished Creatures (others)
  A worker ant (D:12)
1 creature vanquished.

Grand Total: 324 creatures vanquished

Notes
Turn   | Place    | Note
-------+----------+-------------------------------------------
     0 | D:1      | Lovchig the Deep Dwarf Fighter began the quest for the Orb.
     0 | D:1      | Reached XP level 1. HP: 20/20 MP: 1/1
    71 | D:1      | Reached XP level 2. HP: 22/27 MP: 2/2
   591 | D:1      | Reached XP level 3. HP: 22/34 MP: 3/3
   810 | D:2      | Reached skill level 3 in Axes
   957 | D:2      | Found a faded altar of an unknown god.
   957 | D:2      | Found a faded altar of an unknown god.
   962 | D:2      | Found a faded altar of an unknown god.
   964 | D:2      | Found a faded altar of an unknown god.
   966 | D:2      | Found a sacrificial altar of Ru.
  1124 | D:2      | Found a shattered altar of Ashenzari.
  1132 | D:2      | Reached XP level 4. HP: 16/42 MP: 4/4
  1405 | D:3      | Noticed Sigmund
  1406 | D:3      | Noticed Grinder
  1423 | D:3      | Killed Sigmund
  1423 | D:3      | Reached skill level 4 in Axes
  1423 | D:3      | Reached XP level 5. HP: 44/49 MP: 5/5
  1424 | D:3      | Killed Grinder
  1424 | D:3      | Reached skill level 5 in Axes
  1424 | D:3      | Reached skill level 5 in Shields
  1424 | D:3      | Reached XP level 6. HP: 51/57 MP: 6/6
  1464 | D:3      | Found a radiant altar of Vehumet.
  1788 | D:3      | Found a hide-covered altar of Uskayaw.
  1788 | D:3      | Noticed Terence
  1796 | D:3      | Killed Terence
  1967 | D:4      | Reached XP level 7. HP: 35/63 MP: 7/7
  1984 | D:4      | Reached skill level 6 in Axes
  2043 | D:4      | Found a hazy altar of Hepliaklqana.
  2116 | D:4      | Found a sparkling altar of Nemelex Xobeh.
  2166 | D:4      | Reached skill level 5 in Armour
  2306 | D:4      | Reached skill level 7 in Axes
  2311 | D:4      | Reached XP level 8. HP: 34/72 MP: 8/8
  2504 | D:4      | Noticed chenzhijie96's ghost (amateur TrBe)
  2514 | D:4      | Killed chenzhijie96's ghost
  2790 | D:5      | Entered Level 5 of the Dungeon
  2802 | D:5      | Reached skill level 8 in Axes
  2934 | D:5      | Found a staircase to the Ecumenical Temple.
  3146 | D:5      | Got a slimy helmet
  3152 | D:5      | Identified the +1 helmet "Lacamouh" {rC+ Int+3} (You found it on level 5 of the Dungeon)
  3973 | D:6      | Reached skill level 9 in Axes
  4003 | D:6      | Noticed Menkaure
  4014 | D:6      | Killed Menkaure
  4039 | D:6      | Found a deep blue altar of Sif Muna.
  4088 | D:6      | Gained mutation: You passively map the area around you. [Deep Dwarf growth]
  4088 | D:6      | Reached XP level 9. HP: 60/80 MP: 7/7
  4091 | D:6      | Reached skill level 5 in Fighting
  4230 | D:6      | Noticed Turgon's ghost (novice OpWn)
  4251 | D:6      | Killed Turgon's ghost
  4251 | D:6      | Reached skill level 10 in Axes
  4523 | D:6      | Found a runed door.
  4708 | D:6      | Noticed Crazy Yiuf
  4725 | D:6      | Killed Crazy Yiuf
  4797 | D:7      | Found a shadowy altar of Dithmenos.
  4927 | D:7      | Found Xuwasyunn's Distillery.
  4967 | D:7      | You fall through a shaft for 3 floors!
  4967 | D:10     | Entered Level 10 of the Dungeon
  4967 | D:10     | Noticed Maurice
  5178 | D:10     | Noticed kelthazard's ghost (journeyman OgHu)
  5194 | D:10     | Reached skill level 11 in Axes
  5253 | D:10     | HP: 3/82 [kelthazard's ghost (17)]
  5257 | D:10     | Killed kelthazard's ghost
  5257 | D:10     | Reached XP level 10. HP: 57/91 MP: 4/4
  5829 | D:8      | Reached skill level 12 in Axes
  6114 | D:7      | Found a glowing silver altar of Zin.
  6322 | D:7      | Found a stormy altar of Qazlal.
  7058 | D:8      | Found a bloodstained altar of Trog.
  7139 | D:8      | Found a shimmering altar of Xom.
  7619 | D:9      | Noticed Erolcha
  7640 | D:9      | Killed Erolcha
  7640 | D:9      | Reached XP level 11. HP: 41/99 MP: 3/3
  7651 | D:9      | Noticed Erica
  7670 | D:9      | Killed Erica
  7777 | D:9      | Noticed Pikel
  7797 | D:9      | Killed Pikel
  7811 | D:9      | Found Qyrigyep's Distillery.
  7812 | D:9      | Found a staircase to the Orcish Mines.
  7914 | D:9      | Reached skill level 13 in Axes
  8275 | D:10     | Killed Maurice
  8275 | D:10     | Reached skill level 10 in Shields
  8664 | D:11     | Found a staircase to the Lair.
  8698 | D:11     | Noticed Harold
  8707 | D:11     | Noticed a brown ugly thing
  8723 | D:11     | Killed Harold
  8724 | D:11     | Killed a brown ugly thing
  8741 | D:11     | Gained mutation: Your body sometimes deteriorates upon taking damage. [mutagenic meat]
  8742 | D:11     | Gained mutation: You are partially covered in thin metallic scales. (AC +2) [mutagenic meat]
  8772 | D:11     | Found Zepad's Book Shop.
  8829 | D:11     | Noticed a green ugly thing
  8842 | D:11     | Killed a green ugly thing
  8853 | D:11     | Gained mutation: You are dopey. (Int -2) [mutagenic meat]
  8854 | D:11     | Gained mutation: You are frail. (-10% HP) [mutagenic meat]
  8855 | D:11     | Gained mutation: You are partially covered in slimy green scales. (AC +2) [mutagenic meat]
  8856 | D:11     | Gained mutation: You are partially covered in icy blue scales. (AC +2) [mutagenic meat]
  8864 | D:11     | Reached skill level 14 in Axes
  9019 | D:11     | Reached XP level 12. HP: 57/99 MP: 1/1
  9488 | D:12     | Noticed Nessos
  9519 | D:12     | Killed Nessos
  9527 | D:12     | HP: 2/99 [slime creature (8)]
  9535 | D:12     | Lost mutation: You are dopey. (Int -2) [potion of cure mutation]
  9535 | D:12     | Lost mutation: Your body sometimes deteriorates upon taking damage. [potion of cure mutation]
  9535 | D:12     | Lost mutation: You are frail. (-10% HP) [potion of cure mutation]
  9535 | D:12     | Lost mutation: You are partially covered in slimy green scales. (AC +2) [potion of cure mutation]
  9658 | D:12     | Noticed Frances
  9662 | D:12     | Mangled by Frances

Skill      XL: |  1  2  3  4  5  6  7  8  9 10 11 12 |
---------------+-------------------------------------+-----
Fighting       | 3 4 6 7 8 |  8.2
Axes           | 3 4 5 7 9 11 12 14 | 14.7
Armour         | 4 5 6 7 8 9 |  9.7
Shields        | 4 5 6 8 9 10 11 | 11.0

Action                   |  1- 3 |  4- 6 |  7- 9 | 10-12 || total
-------------------------+-------+-------+-------+-------++-------
Melee: War axe           |   135 |    71 |   534 |   624 ||  1364
 Abil: Device Recharging |       |       |     6 |     6 ||    12
Evoke: Wand              |       |     2 |    29 |    21 ||    52
  Use: Scroll            |     5 |     3 |     4 |    14 ||    26
       Potion            |       |     1 |       |    10 ||    11
  Eat: Chunk             |     1 |     3 |    10 |    11 ||    25
       Bread ration      |       |       |       |     3 ||     3
Armor: Scale mail        |    67 |     2 |       |       ||    69
       Chain mail        |       |    25 |   241 |       ||   266
       Plate armour      |       |       |    70 |   297 ||   367
Dodge: Dodged            |    51 |    20 |   133 |    97 ||   301
Block: Shield            |    85 |    34 |   308 |   355 ||   782
